 Dungeon Crawl Stone Soup version 0.29-a0-1052-g6990b1bffc (webtiles) character file.

Game seed: 17082455137556767175

3 siradein the Charlatan (level 1, -2/15 HPs)
             Began as a Demonspawn Artificer on Aug 18, 2022.
             Slain by a quokka (4 damage)
             ... on level 2 of the Dungeon.
             The game lasted 00:00:28 (523 turns).

siradein the Charlatan (Demonspawn Artificer)        Turns: 523, Time: 00:00:29

Health: -2/15      AC: 10    Str: 12    XL:     1   Next: 41%
Magic:  1/1        EV: 11    Int: 12    God:
Gold:   53         SH:  0    Dex: 13    Spells: 0/0 levels left

rFire   . . .      SeeInvis .   g - +1 short sword (protect)
rCold   . . .      Faith    .   (no shield)
rNeg    . . .      Spirit   .   b - +0 leather armour
rPois   .          Reflect  .   (no helmet)
rElec   .          Harm     .   (no cloak)
rCorr   .          Rampage  .   (no gloves)
Will    .....                   (no boots)
Stlth   +.........              (no amulet)
HPRegen 0.05/turn               (no ring)
MPRegen 0.07/turn               (no ring)

@: under a protective aura
A: no striking features
a: no special abilities


You were on level 2 of the Dungeon.
You visited 1 branch of the dungeon, and saw 2 of its levels.

You collected 53 gold pieces.

Inventory:

Hand Weapons
 g - a +1 short sword of protection (weapon)
Armour
 b - a +0 leather armour (worn)
Jewellery
 h - a ring of fire
Wands
 c - a wand of flame (15) (quivered)
 d - a wand of charming (15)
 e - a wand of iceblast (5)
Scrolls
 a - a scroll of vulnerability {unknown}
 i - a scroll of identify {unknown}
 j - a scroll of fear {unknown}
Potions
 f - a potion of heal wounds {unknown}


   Skills:
 + Level 1.1 Fighting
 - Level 1.7 Armour
 - Level 0.8 Dodging
 - Level 0.8 Stealth
 + Level 0.3 Unarmed Combat
 + Level 3.0 Evocations


You couldn't memorise any spells.
You didn't know any spells.
Your spell library contained the following spells:

 Spells                   Type           Power      Damage    Failure   Level
 Ensorcelled Hibernation  Hex/Ice        0%         N/A       54%         2
 Passwall                 Tmut/Erth      0%         N/A       54%         2
 Swiftness                Air            0%         N/A       77%         3


Dungeon Overview and Level Annotations

Branches:
Dungeon (1/15)

Altars:


Message History

There is an open door here.
You now have 53 gold pieces (gained 17).
A scorpion comes into view.
A sourceless malevolence fills the Dungeon... and a teleportation trap spontaneously manifests!
You are yanked towards some nearby monsters!
Your surroundings suddenly seem different.
A quokka and a worm come into view.
Found 9 gold pieces.
Found a stone staircase leading down.
The scorpion moves out of view.
You hit the worm.
Your weapon exudes an aura of protection.
The worm is moderately wounded.
The quokka completely misses you.
You hit the worm.
The worm is moderately wounded.
The quokka bites you but does no damage.
The worm barely misses you. The quokka closely misses you.
You hit the worm but do no damage.
The worm is moderately wounded.
The quokka bites you but does no damage.
The worm misses you.
You hit the worm but do no damage.
The worm is moderately wounded.
The quokka closely misses you.
You hit the worm.
The worm is moderately wounded.
The quokka completely misses you. The worm bites you.
The quokka bites you but does no damage.
You hit the worm.
The worm is heavily wounded.
The quokka barely misses you. The worm bites you but does no damage.
You hit the worm.
The worm is severely wounded.
The quokka bites you but does no damage.
You hit the worm.
The worm is severely wounded.
The quokka closely misses you. The worm bites you!
* * * LOW HITPOINT WARNING * * *
The quokka bites you.
You die...

# #. ..#..
......#########
...>..w@.......
.......r...###.
###........#
#........#
#........#
........$.#
....########
....


You could see a worm and a quokka.

Vanquished Creatures
  A hobgoblin (D:2)
  2 kobolds (D:2)
3 creatures vanquished.

Notes
Turn   | Place    | Note
-------+----------+-------------------------------------------
     0 | D:1      | siradein the Demonspawn Artificer began the quest for the
                  | Orb.
     0 | D:1      | Reached XP level 1. HP: 15/15 MP: 1/1
    13 | D:1      | You fall into a shaft and drop 1 floor!
   406 | D:2      | Found a faded altar of an unknown god.
   515 | D:2      | Noticed a scorpion
   523 | D:2      | Slain by a quokka

Illustrated notes

Levels and vault maps discovered:
D:1:      elethiomel_arrival_quiet, layout_loops_cross, serial_shops, shop,
          shop, minivault_11
D:2:      minmay_door_path, layout_basic, basic_ecumenical_altar,
          kennysheep_decorative_pillar, minmay_misc_feat_nine_boxes

Action                   || total
-------------------------++-------
Melee: Short sword       ||    13
       Unarmed           ||    13
       Punch             ||     1
Armor: Leather armour    ||     6
Dodge: Dodged            ||    19

Table legend: (Time is in decaauts)
 A = Elapsed time spent in this place.
 B = Non-inter-level travel time spent in this place.
 C = Inter-level travel time spent in this place.
 D = Time resting spent in this place.
 E = Time spent auto-exploring this place.
 F = Levels seen in this place.
 G = Mean time per level.
                   A        B        C        D        E       F      G
               +--------+--------+--------+--------+--------+-----+--------+
         Total |    523 |    523 |      0 |      0 |    469 |   2 |  261.5 |
       Dungeon |    523 |    523 |      0 |      0 |    469 |   2 |  261.5 |
               +--------+--------+--------+--------+--------+-----+--------+

Top non-repeatable levels by time:
     D:2: 510 daAuts
     D:1: 13 daAuts
